 Dungeon Crawl Stone Soup version 0.29-a0-330-g52719c12eb (webtiles) character file.

Game seed: 956488542718307012

4 Ajdolov the Skirmisher (level 1, -2/11 HPs)
             Began as a Vine Stalker Fighter on Apr 21, 2022.
             Succumbed to a kobold's poison
             ... on level 1 of the Dungeon.
             The game lasted 00:00:28 (93 turns).

Ajdolov the Skirmisher (Vine Stalker Fighter)         Turns: 93, Time: 00:00:28

Health: -2/11      AC:  6    Str: 18    XL:     1   Next: 60%
Magic:  1/2        EV:  9    Int:  8    God:
Gold:   0          SH:  4    Dex: 13    Spells: 0/0 levels left

rFire   . . .      SeeInvis .     - Unarmed
rCold   . . .      Faith    .   b - +0 buckler
rNeg    . . .      Spirit   +   a - +0 scale mail
rPois   .          Reflect  .   (no helmet)
rElec   .          Harm     .   (no cloak)
rCorr   .          Rampage  .   (no gloves)
Will    .....                   (no boots)
Stlth   ..........              (no amulet)
HPRegen 0.03/turn               (no ring)
MPRegen 0.08/turn               (no ring)

@: lethally poisoned (-2 -> -13)
A: fangs 2, magic shield, antimagic bite, no potion heal 2
a: no special abilities


You were on level 1 of the Dungeon.
You visited 1 branch of the dungeon, and saw 1 of its levels.

Inventory:

Armour
 a - a +0 scale mail (worn)
 b - a +0 buckler (worn)
Jewellery
 e - a ring of wizardry
Scrolls
 d - a scroll of teleportation {unknown}
Potions
 c - a potion of might


   Skills:
 + Level 2.8 Fighting
 - Level 2.4 Armour
 - Level 2.6 Shields
 * Level 2.2 Unarmed Combat


You couldn't memorise any spells.
You didn't know any spells.
Your spell library was empty.

Dungeon Overview and Level Annotations

Branches:
Dungeon (1/15)

Altars:


Innate Abilities, Weirdness & Mutations

You have extremely sharp teeth.
When hurt, damage is shared between your health and your magic reserves.
Your bite disrupts and absorbs the magic of your enemies.
Potions cannot restore your health.


Message History

The bat closely misses you. The bat barely misses you.
You completely miss the kobold. Your bite misses the kobold.
The bat barely misses you. The bat hits you but does no damage.
There is a stone staircase leading down here.
The quokka bites you. The bat closely misses you.
The quokka closely misses you. The bat attacks as you move away!
The bat misses you. The bat closely misses you.
The quokka attacks as you move away!
The quokka bites you but does no damage.
The bat attacks as you move away! You block the bat's attack.
The bat barely misses you. The bat attacks as you move away! The bat hits you.
The bat hits you but does no damage. You block the bat's attack.
The quokka closely misses you. The bat closely misses you.
The quokka barely misses you.
You closely miss the bat. You block the bat's attack.
You block the quokka's attack.
You hit the bat.
You kill the bat!
The quokka barely misses you. The kobold attacks as you move away!
The kobold hits you but does no damage.
You are lethally poisoned!
You feel sick.
You closely miss the kobold.
You feel sick. You block the kobold's attack.
You are too injured to fight recklessly!
You closely miss the kobold.
You feel sick. The kobold hits you but does no damage.
You are more poisoned.
The kobold hits you but does no damage.
Unknown command.
You barely miss the kobold.
* * * LOW HITPOINT WARNING * * *
You feel very sick.
The kobold hits you with a +2 dagger of venom.
Unknown command.
You hit the kobold.
The kobold is moderately wounded.
You die...

#...#######.#######...##
#...#.............#..##
#...####.#####.####.##
##.....##.#####.## #.#
#......#.........# #.#
#.#...######.#######.#
#†##..+...........'..###
#.##..######.######....#
.#.##...# #@#.# #......#
........###K#.# #.##...#
#.......#.rr### #. #...#
#...#.....##.### . #####
...#.#.#........#.#
...#.#.#.>###.#... ..
#......l......
.....#.†.......##
.........r.....#


You could see a quokka, a kobold and a rat.

Vanquished Creatures
  2 bats (D:1)
  3 rats (D:1)
5 creatures vanquished.

Notes
Turn   | Place    | Note
-------+----------+-------------------------------------------
     0 | D:1      | Ajdolov the Vine Stalker Fighter began the quest for the
                  | Orb.
     0 | D:1      | Reached XP level 1. HP: 11/11 MP: 2/2
    93 | D:1      | Succumbed to a kobold's poison

Illustrated notes

Levels and vault maps discovered:
D:1:      shiori_shiawase, layout_rooms, serial_shops, nicolae_shop_hallway_plus

Action                   || total
-------------------------++-------
Melee: Unarmed           ||    13
       Bite              ||     1
Armor: Scale mail        ||     9
Dodge: Dodged            ||    16
Block: Buckler           ||     7

Table legend: (Time is in decaauts)
 A = Elapsed time spent in this place.
 B = Non-inter-level travel time spent in this place.
 C = Inter-level travel time spent in this place.
 D = Time resting spent in this place.
 E = Time spent auto-exploring this place.
 F = Levels seen in this place.
 G = Mean time per level.
                   A        B        C        D        E       F      G
               +--------+--------+--------+--------+--------+-----+--------+
         Total |     93 |     93 |      0 |      0 |     53 |   1 |   93.0 |
       Dungeon |     93 |     93 |      0 |      0 |     53 |   1 |   93.0 |
               +--------+--------+--------+--------+--------+-----+--------+

Top non-repeatable levels by time:
     D:1: 93 daAuts
